 Dungeon Crawl Stone Soup version 0.20-a0-537-g052e6ba (webtiles) character file.

195 HAL9000 the Slasher (level 5, 0/61 HPs)
             Began as a Barachian Berserker on Jan 27, 2017.
             Was a Believer of Trog.
             Hit by a stone thrown by a hobgoblin (1 damage)
             ... on level 3 of the Dungeon.
             The game lasted 00:07:35 (2734 turns).

HAL9000 the Slasher (Barachian Berserker)           Turns: 2734, Time: 00:07:35

Health: 0/61       AC:  7    Str: 20    XL:     5   Next: 74%
Magic:  5/5        EV: 10    Int:  5    God:    Trog [**....]
Gold:   93         SH:  0    Dex: 12    Spells: 4/4 levels left

rFire    . . .     SeeInvis .   a - +1 falchion
rCold    . . .     Gourm    .   u - +0 scale mail
rNeg     . . .     Faith    .   (no shield)
rPois    .         Spirit   .   (no helmet)
rElec    .         Reflect  .   (no cloak)
rCorr    .         Harm     .   A - +0 pair of gloves
MR       ++...                  (no boots)
Stlth    ..........             (no amulet)
Regen    1.2/turn               (no ring)
                                (no ring)

@: berserking (expiring), lethally poisoned (0 -> -4), regenerating, slowed,
slow
A: swims, slowness 1, strong legs 1
a: Hop, Berserk, Trog's Hand, Burn Spellbooks, Renounce Religion


You were on level 3 of the Dungeon.
You worshipped Trog.
Trog was pleased with you.
You were near starving.

You visited 1 branch of the dungeon, and saw 3 of its levels.

You collected 93 gold pieces.

Inventory:

Hand Weapons
 a - a +1 falchion (weapon)
Armour
 u - a +0 scale mail (worn)
 A - a +0 pair of gloves (worn)
Wands
 z - a wand of random effects (24/48)
Scrolls
 m - a scroll of teleportation
 w - a scroll of remove curse
 y - a scroll of enchant armour {unknown}
 B - a scroll of identify
Potions
 i - a potion of brilliance {unknown}
 j - 3 potions of invisibility
 k - a potion of might
 p - a potion of haste
 r - a potion of agility {unknown}
 t - 3 potions of curing
 v - a potion of magic {unknown}
 x - a potion of berserk rage {unknown}
Comestibles
 c - 2 bread rations


   Skills:
 - Level 3.2 Fighting
 + Level 6.8 Long Blades
 - Level 2.1 Armour
 - Level 2.0 Dodging


You had 4 spell levels left.
You didn't know any spells.

Dungeon Overview and Level Annotations

Branches:
Dungeon (3/15)

Altars:
Ashenzari
Cheibriados
Fedhas
Hepliaklqana
Kikubaaqudgha
Vehumet


Innate Abilities, Weirdness & Mutations

You can swim through water.
You cover ground slowly.
You can hop short distances.


Message History

The kobold hits you.
* * * LOW HITPOINT WARNING * * *
The kobold unwields an uncursed blowgun.
The kobold wields an uncursed dagger.
The kobold hits you but does no damage.
You closely miss the kobold.
* * * LOW HITPOINT WARNING * * *
You feel sick. The kobold hits you but does no damage.
You closely miss the kobold.
* * * LOW HITPOINT WARNING * * *
You feel very sick. The kobold closely misses you.
You riposte.
You slash the kobold!
You kill the kobold!
Trog accepts your kill. The kobold hits you but does no damage.
You slash the kobold!
You kill the kobold!
Trog accepts your kill.
* * * LOW HITPOINT WARNING * * *
You feel sick.
The hobgoblin throws a stone.
The stone hits you.
You die...

#.. ......_...# ######## ###
#.###.........# §§...... ..#
#.#............ §§#.#####
#.# #.#.# ....⌠....
§§....... #.# #.#.#
.K.......
.§#.####.##.###.#.#
#.......#
..#.........##..g.#
#.(._...#
...............#.(# #(#
..#.####.#..##..@####(######
..#.# #......)(..........#
..#.# #..##(..##########.#
....# #..#.###.## ..###
##.#.# #.# ..# #.#.# #.#
..## #.#.# #.# ...# #.#.# #.
##.# #.#.#


You could see a hobgoblin.

Vanquished Creatures
  A vampire bat (D:2)
  Natasha (thrice) (D:2)
  An ooze (D:1)
  2 worms (D:2)
  A leopard gecko (D:3)
  5 orcs (D:3)
  3 bat skeletons (D:2)
  2 bat zombies (D:2)
  2 giant cockroaches (D:2)
  6 goblins
  10 hobgoblins
  7 jackals
  6 kobolds
  A quokka (D:2)
  5 bats
  5 frilled lizards
  5 rats
65 creatures vanquished.

Notes
Turn   | Place    | Note
-------+----------+-------------------------------------------
     0 | D:1      | HAL9000 the Barachian Berserker began the quest for the Orb.
     0 | D:1      | Reached XP level 1. HP: 18/18 MP: 1/1
   260 | D:1      | Reached XP level 2. HP: 22/24 MP: 2/2
   300 | D:1      | Reached skill level 4 in Long Blades
   617 | D:1      | Reached XP level 3. HP: 14/29 MP: 3/3
  1103 | D:1      | Reached ** piety under Trog
  1145 | D:2      | Noticed Natasha
  1175 | D:2      | Killed Natasha
  1175 | D:2      | Reached skill level 5 in Long Blades
  1175 | D:2      | Reached XP level 4. HP: 27/35 MP: 4/4
  1602 | D:2      | Noticed Natasha
  1610 | D:2      | Killed Natasha
  1663 | D:2      | Noticed Natasha
  1679 | D:2      | Killed Natasha
  1679 | D:2      | Reached skill level 6 in Long Blades
  1679 | D:2      | Reached XP level 5. HP: 16/41 MP: 5/5
  2036 | D:2      | Found a hazy altar of Hepliaklqana.
  2036 | D:2      | Found a shattered altar of Ashenzari.
  2037 | D:2      | Found a blossoming altar of Fedhas.
  2210 | D:2      | Found an ancient bone altar of Kikubaaqudgha.
  2720 | D:3      | Found a snail-covered altar of Cheibriados.
  2720 | D:3      | Found a radiant altar of Vehumet.
  2732 | D:3      | HP: 3/61 [poisoned by kobold (curare-tipped needle)]
  2734 | D:3      | HP: 1/61 [poisoned by kobold (curare-tipped needle)]
  2734 | D:3      | Hit by a stone thrown by a hobgoblin

Vault maps used:
D:1:      lightli_arrival_quake, minmay_domino_4
D:2:      kennysheep_vampire_church, gammafunk_temple_overflow_forgotten,
          uniq_natasha
D:3:      grunt_temple_overflow_open, first_bread

Skill      XL: |  1  2  3  4 |
---------------+-------------+-----
Long Blades    | 4 5 6 |  6.8
Fighting       | |  3.2
Armour         | |  2.1
Dodging        | |  2.0

Action                   |  1- 3 |  4- 6 || total
-------------------------+-------+-------++-------
Melee: Falchion          |   151 |   117 ||   268
Invok: Trog's Hand       |     1 |     1 ||     2
       Berserk           |       |     2 ||     2
  Use: Scroll            |       |    10 ||    10
  Eat: Chunk             |     1 |     7 ||     8
Armor: Chain mail        |   103 |    20 ||   123
       Animal skin       |     1 |       ||     1
       Scale mail        |       |    45 ||    45
Dodge: Dodged            |    67 |    65 ||   132
       Rpst.: Falchion   |    15 |    25 ||    40
